 Dungeon Crawl Stone Soup version 0.26-a0-1213-gd52f5182fe (webtiles) character file.

Game seed: 15349296579948565989

59490 tilp the Bludgeoner (level 14, -12/149 HPs)
             Began as an Ogre Abyssal Knight on Dec 30, 2020.
             Was a High Priest of Lugonu.
             Mangled by a death yak (24 damage)
             ... on level 6 of the Lair of Beasts.
             The game lasted 00:54:52 (37781 turns).

tilp the Bludgeoner (Ogre Abyssal Knight)          Turns: 37781, Time: 00:54:53

Health: -12/149    AC: 12    Str: 19    XL:     14   Next: 95%
Magic:  20/20      EV:  9    Int: 17    God:    Lugonu [*****.]
Gold:   2060       SH:  0    Dex:  8    Spells: 19/21 levels left

rFire    + + .     SeeInvis +   a - +7 giant spiked club (distort)
rCold    x . .     Faith    .   (shield currently unavailable)
rNeg     + + .     Spirit   .   Q - +1 fire dragon scales
rPois    .         Reflect  +   v - +0 hat of the Iron City of Dis {rN+ Stlth+}
rElec    .         Harm     .   j - +1 cloak
rCorr    .         Rampage  .   (gloves unavailable)
Will     +....                  (boots unavailable)
Stlth    ..........             E - amulet of reflection
HPRegen  0.34/turn              T - ring of see invisible
MPRegen  0.17/turn              K - ring of positive energy

@: confused, lethally poisoned (-12 -> -20)
A: large, unfitting armour, tough skin 1
a: Renounce Religion, Depart the Abyss, Bend Space, Banish, Corrupt, Enter the
Abyss


You were on level 6 of the Lair of Beasts.
You worshipped Lugonu.
Lugonu was extremely pleased with you.
You visited 3 branches of the dungeon, and saw 18 of its levels.
You visited the Abyss 2 times.
You also visited: Ossuary and Gauntlet.

You collected 2093 gold pieces.
You spent 33 gold pieces at shops.

Inventory:

Hand Weapons
 a - a +7 giant spiked club of distortion (weapon)
 b - a +1 antimagic dire flail
 k - a +0 giant club
 A - a cursed +3 vorpal mace
 J - a +2 flail
 U - a +4 whip of venom
Missiles
 e - 4 atropa-tipped darts
 p - 19 poisoned darts (quivered)
 x - 10 curare-tipped darts
 C - 36 boomerangs
 F - 16 javelins
 N - 4 large rocks
Armour
 d - the +1 robe of the World {Regen+}
   (You found it on level 6 of the Dungeon)

   It increases your rate of regeneration.
 j - a +1 cloak (worn)
 v - the +0 hat of the Iron City of Dis (worn) {rN+ Stlth+}
   (You found it in a Gauntlet)

   It protects you from negative energy.
   It makes you more stealthy.
 Q - +1 fire dragon scales (worn)
Jewellery
 B - an uncursed ring of flight
 E - an amulet of reflection (around neck)
 K - a ring of positive energy (right hand)
 T - a ring of see invisible (left hand)
 V - an uncursed ring of wizardry
Wands
 l - a wand of flame (21)
 t - a wand of enslavement (22)
 G - a wand of paralysis (8)
 S - a wand of polymorph (7)
 W - a wand of acid (9)
Scrolls
 f - 11 scrolls of identify
 g - 4 scrolls of immolation
 h - 5 scrolls of fog
 q - 6 scrolls of amnesia
 r - 2 scrolls of teleportation
 u - a scroll of blinking
 y - 7 scrolls of remove curse
 R - a scroll of magic mapping
Potions
 c - 2 potions of lignification
 i - 2 potions of haste
 m - a potion of resistance
 o - 5 potions of brilliance
 s - 2 potions of mutation
 w - 3 potions of ambrosia
 z - 4 potions of attraction
 H - 2 potions of invisibility
 I - 5 potions of flight
 P - a potion of might
Miscellaneous
 L - a phantom mirror
 M - a phial of floods
 O - a condenser vane (inert)


   Skills:
 - Level 12.0 Fighting
 + Level 17.4 Maces & Flails
 - Level 2.0 Armour
 - Level 6.0 Dodging
 - Level 4.0 Spellcasting
 - Level 8.0 Invocations
 - Level 7.8 Evocations


You had 19 spell levels left.
You knew the following spells:

 Your Spells              Type           Power        Failure   Level
a - Apportation           Tloc           6%           52%         1
b - Corona                Hex            3%           52%         1

Your spell library contained the following spells:

 Spells                   Type           Power        Failure   Level
 Animate Skeleton         Necr           6%           52%         1
 Beastly Appendage        Tmut           6%           52%         1
 Foxfire                  Conj/Fire      12%          52%         1
 Summon Small Mammal      Summ           12%          52%         1
 Slow                     Hex            3%           65%         2
 Wereblood                Tmut           3%           65%         2
 Confusing Touch          Hex            3%           87%         3
 Conjure Flame            Conj/Fire      3%           87%         3
 Inner Flame              Hex/Fire       3%           87%         3
 Portal Projectile        Hex/Tloc       6%           87%         3
 Spider Form              Tmut/Pois      1%           87%         3
 Cause Fear               Hex            1%           99%         4
 Ice Form                 Ice/Tmut       3%           99%         4
 Leda's Liquefaction      Hex/Erth       1%           99%         4
 Sticky Flame             Conj/Fire      3%           99%         4
 Summon Lightning Spire   Summ/Air       3%           99%         4
 Blade Hands              Tmut           1%           100%        5
 Bolt of Magma            Conj/Fire/Erth 1%           100%        5
 Fireball                 Conj/Fire      1%           100%        5
 Iskenderun's Battlesphe  Conj           3%           100%        5
 Metabolic Englaciation   Hex/Ice        1%           100%        5
 Silence                  Hex/Air        1%           100%        5
 Summon Demon             Summ           1%           100%        5
 Summon Forest            Summ/Tloc      1%           100%        5
 Summon Mana Viper        Hex/Summ       3%           100%        5
 Conjure Ball Lightning   Conj/Air       1%           100%        6
 Iron Shot                Conj/Erth      1%           100%        6
 Shadow Creatures         Summ           N/A          100%        6
 Statue Form              Tmut/Erth      2%           100%        6
 Orb of Destruction       Conj           1%           100%        7
 Spellforged Servitor     Conj/Summ      1%           100%        7
 Summon Hydra             Summ           1%           100%        7
 Shatter                  Erth           1%           100%        9
 Tornado                  Air            1%           100%        9


Dungeon Overview and Level Annotations

Branches:
Dungeon (11/15)            Temple (0/1) D:7            Lair (6/6) D:9
  Swamp (0/4) Lair:2        Snake (0/4) Lair:3          Orc (2/2) D:10
    Elf (0/3) Orc:2       Ossuary (visited)         Gauntlet (visited)
  Slime: Lair:5-6

Altars:
Elyvilon
Fedhas
Gozag
Kikubaaqudgha
Makhleb
Nemelex Xobeh
Okawaru
Qazlal
Ru
Sif Muna
Trog
Wu Jian
Yredelemnul
The Shining One
Beogh

Shops:
D:5 *   D:6 ?([!:   Orc:2 (}(

Annotations:
D:4 exclusion: oklob plant
D:10 exclusion: vault guard


Innate Abilities, Weirdness & Mutations

You are too large for most types of armour.
You have tough skin. (AC +1)


Message History

You feel sick. The death yak gores you.
* * * LOW HITPOINT WARNING * * *
You feel sick.
You feel sick.
You feel sick.
You kill the death yak!
Lugonu accepts your kill.
You are confused.
You feel invigorated.
You feel sick. The death yak gores you!
* * * LOW HITPOINT WARNING * * *
Unknown command.
You bump into the rock wall.
* * * LOW HITPOINT WARNING * * *
You feel sick.
The death yak gores you but does no damage.
Unknown command.
You hit the death yak.
The death yak is severely wounded.
The death yak blinks!
You feel sick. The death yak gores you!!
You die...

,,,,,,,*,,,,,,,,,,,,,,,,,**
,,,,,*,,*,....,.,..,,,,,,*
,,,.............P...,,,#**
,,,.(...........#..,,<.#
..,##..........#...*,.P#
.,...............#**..#*
..(.............Y##.^##
...............#Y....P#
.....#........YY@....#*
............Y..ยง##....#*
#[..#(..........#*,....#*
#...(...........#**,....*
#.((.$.....P.....#,,,..#*
.Y.....#............,,.#
Y.......#..#.........,*#
##.....#..####.......,*
#......#.,**#.......**


You could see 5 death yaks.

Vanquished Creatures
  A minotaur (Gauntlet)
  6 hydras
  A boulder beetle (Lair:6)
  2 two-headed ogres
  2 death yaks
  Sonja (Orc:1)
  7 orc high priests
  Nergalle (Lair:2)
  2 wizards
  5 orc knights
  A lindwurm (Lair:3)
  9 deep elf magi (Orc:2)
  A cyclops (D:11)
  3 orc sorcerers
  17 elephants
  8 black mambas
  Maggie (Lair:1)
  9 cane toads
  6 komodo dragons
  A polar bear (Lair:3)
  A queen bee (Lair:3)
  4 trolls
  7 blink frogs
  A wraith (D:11)
  A basilisk (Lair:3)
  4 wyverns
  17 yaks
  A steam dragon (D:10)
  Menkaure (D:7)
  2 nagas (Lair:3)
  3 swamp worms (Lair:2)
  7 wargs
  10 water moccasins
  A large abomination (Abyss:1)
  A black bear (D:7)
  A phantom (D:7)
  10 ogres
  An eye of draining (D:11)
  39 orc warriors
  5 ice beasts
  2 centaurs
  28 wolves
  3 big kobolds
  11 bullfrogs
  A wyvern zombie (Ossuary)
  2 scorpions
  A water moccasin skeleton (D:5)
  30 killer bees
  12 wights
  4 howler monkeys
  2 jellies
  6 bullfrog zombies
  2 centaur zombies (Ossuary)
  5 hounds
  A quasit (D:8)
  40 orc priests
  A centaur skeleton (D:4)
  A bullfrog skeleton (D:7)
  14 orc wizards
  Ijyb (D:5)
  4 iguanas
  9 worker ants
  18 mummies (Ossuary)
  A hound zombie (D:5)
  A hound skeleton (D:6)
  A howler monkey zombie (Ossuary)
  A worker ant zombie (D:11)
  8 gnolls
  A howler monkey skeleton (D:4)
  17 adders
  2 shadow imps (D:5)
  2 white imps
  3 ufetubi
  5 adder zombies (Ossuary)
  An adder skeleton (D:5)
  3 worms (D:2)
  3 dart slugs
  4 leopard geckos
  85 orcs
  7 giant cockroaches
  14 goblins
  3 hobgoblins (D:2)
  4 jackals (D:5)
  2 quokkas
  2 ball python skeletons
  11 bats
  2 frilled lizards (D:1)
  3 jackal zombies (Ossuary)
  34 kobolds
  A leopard gecko skeleton (D:6)
  A leopard gecko zombie (Ossuary)
  2 quokka zombies
  9 rats
632 creatures vanquished.

Vanquished Creatures (others)
  34 fungi
  113 plants
  3 withered plants (Ossuary)
150 creatures vanquished.

Grand Total: 782 creatures vanquished

Notes
Turn   | Place    | Note
-------+----------+-------------------------------------------
     0 | Abyss:1  | tilp the Ogre Abyssal Knight began the quest for the Orb.
     0 | Abyss:1  | Reached XP level 1. HP: 24/24 MP: 2/2
    42 | Abyss:1  | Noticed a small abomination
    43 | D:1      | Escaped the Abyss
   136 | D:1      | Reached skill level 2 in Maces & Flails
   228 | D:1      | Reached XP level 2. HP: 33/33 MP: 3/3
   252 | D:1      | Reached * piety under Lugonu
  1344 | D:2      | Reached XP level 3. HP: 41/41 MP: 4/4
  1499 | D:2      | Reached skill level 5 in Fighting
  1926 | D:2      | Reached skill level 3 in Maces & Flails
  1926 | D:2      | Reached XP level 4. HP: 50/50 MP: 5/5
  2405 | D:3      | Reached XP level 5. HP: 59/59 MP: 6/6
  2419 | D:3      | Reached ** piety under Lugonu
  2442 | D:3      | Reached skill level 4 in Maces & Flails
  2784 | D:3      | Found a shimmering blue altar of Sif Muna.
  3234 | D:3      | Reached XP level 6. HP: 54/67 MP: 7/7
  3916 | D:4      | Reached skill level 5 in Maces & Flails
  3985 | D:4      | Found a basalt altar of Yredelemnul.
  4406 | D:4      | Reached XP level 7. HP: 39/75 MP: 8/8
  4595 | D:4      | Reached skill level 6 in Maces & Flails
  5154 | D:4      | Found a stormy altar of Qazlal.
  5438 | D:4      | Found a blossoming altar of Fedhas.
  5450 | D:4      | Noticed an oklob plant
  5548 | D:5      | Entered Level 5 of the Dungeon
  5555 | D:5      | Noticed Ijyb
  5756 | D:5      | Killed Ijyb
  5783 | D:5      | Found a sand-covered staircase.
  5801 | Ossuary  | Entered an ossuary
  5824 | Ossuary  | Reached *** piety under Lugonu
  5964 | Ossuary  | Reached XP level 8. HP: 32/87 MP: 10/10
  6443 | Ossuary  | Reached skill level 7 in Maces & Flails
  7357 | D:5      | Found a sacrificial altar of Ru.
  7410 | D:5      | Found Gozag's Platinum Reserve.
  7419 | D:5      | Found an opulent altar of Gozag.
  7455 | D:5      | Found a glowing golden altar of the Shining One.
  8043 | D:5      | Reached skill level 8 in Maces & Flails
  8127 | D:5      | Found an iron altar of Okawaru.
  8134 | D:5      | Found a sparkling altar of Nemelex Xobeh.
  8135 | D:5      | Found a white marble altar of Elyvilon.
  8136 | D:5      | Found a bloodstained altar of Trog.
  8165 | D:6      | Found an ancient bone altar of Kikubaaqudgha.
  8171 | D:6      | Got a tattered robe
  8175 | D:6      | Identified the +1 robe of the World {Regen+} (You found it
                  | on level 6 of the Dungeon)
  8203 | D:6      | Found Jifol's Distillery.
  8236 | D:6      | Found Pampuh's Book Emporium.
  8387 | D:6      | Found Suoppacw's Antique Weapon Shop.
  8427 | D:6      | Found Gidwu Ossost's Antique Armour Shoppe.
  8490 | D:6      | Reached **** piety under Lugonu
  8547 | D:6      | Found Wacec's Magic Scroll Boutique.
  8749 | D:6      | Found a blossoming altar of Fedhas.
  8897 | D:7      | Reached XP level 9. HP: 94/97 MP: 12/12
  8985 | D:6      | Bought a scroll of teleportation for 33 gold pieces
  9084 | D:7      | Found a burning altar of Makhleb.
  9328 | D:7      | Noticed Menkaure
  9330 | D:7      | Killed Menkaure
  9620 | D:7      | Reached skill level 9 in Maces & Flails
  9663 | D:7      | Reached skill level 10 in Fighting
  9857 | D:7      | Found a staircase to the Ecumenical Temple.
 10080 | D:7      | Reached ***** piety under Lugonu
 10125 | D:7      | Reached skill level 10 in Maces & Flails
 10901 | D:8      | Reached XP level 10. HP: 77/110 MP: 13/13
 11099 | D:8      | Found an ornate altar of the Wu Jian Council.
 11682 | D:8      | Reached skill level 11 in Maces & Flails
 12373 | D:9      | Noticed a two-headed ogre
 12383 | D:9      | Killed a two-headed ogre
 12397 | D:9      | Reached skill level 12 in Maces & Flails
 12649 | D:9      | Reached skill level 1 in Evocations
 12745 | D:9      | Found a staircase to the Lair.
 12858 | D:9      | Reached skill level 5 in Invocations
 13070 | D:9      | Reached XP level 11. HP: 91/117 MP: 13/15
 13281 | D:9      | Noticed a wizard
 13316 | D:9      | Killed a wizard
 13460 | D:10     | Entered Level 10 of the Dungeon
 13785 | D:10     | Noticed a vault guard
 14022 | D:10     | Found a staircase to the Orcish Mines.
 14256 | D:10     | Learned a level 1 spell: Apportation
 14258 | D:10     | Learned a level 1 spell: Corona
 14567 | D:11     | Reached skill level 1 in Spellcasting
 14910 | D:11     | Noticed a cyclops
 14927 | D:11     | Killed a cyclops
 15492 | Lair:1   | Entered Level 1 of the Lair of Beasts
 15635 | D:9      | Reached ****** piety under Lugonu
 15915 | Lair:1   | Found a gate leading to a gauntlet.
 15922 | Gauntlet | Entered a Gauntlet
 15922 | Gauntlet | Found a transporter.
 15932 | Gauntlet | Noticed a catoblepas
 15946 | Gauntlet | Found a transporter.
 15958 | Gauntlet | Found a transporter.
 15963 | Gauntlet | Found a transporter.
 15964 | Gauntlet | Noticed a hell hog
 15978 | Gauntlet | Found a transporter.
 15997 | Gauntlet | Found a transporter.
 16009 | Gauntlet | Found a transporter.
 16010 | Gauntlet | Noticed an entropy weaver
 16021 | Gauntlet | Found a transporter.
 16027 | Gauntlet | Found a transporter.
 16027 | Gauntlet | Found a transporter.
 16042 | Gauntlet | Found a transporter.
 16054 | Gauntlet | Found a transporter.
 16054 | Gauntlet | Noticed an orange crystal statue
 16071 | Gauntlet | Found a transporter.
 16089 | Gauntlet | Found a transporter.
 16093 | Gauntlet | Found a transporter.
 16121 | Gauntlet | Found a transporter.
 16121 | Gauntlet | Noticed a wizard
 16141 | Gauntlet | Found a transporter.
 16464 | Gauntlet | Found a transporter.
 16483 | Gauntlet | Banished a catoblepas
 16586 | Gauntlet | Killed a wizard
 16680 | Gauntlet | Got a crude hat
 16681 | Gauntlet | Identified the +0 hat of the Iron City of Dis {rN+ Stlth+}
                  | (You found it in a Gauntlet)
 16698 | Gauntlet | Noticed a minotaur
 16728 | Gauntlet | Killed a minotaur
 16757 | Gauntlet | Identified Foyhowk's Tome of Enchantment
 16918 | Lair:1   | Reached XP level 12. HP: 118/130 MP: 18/18
 17371 | Lair:1   | Noticed a four-headed hydra
 17387 | Lair:1   | Killed a four-headed hydra
 17931 | Lair:1   | Noticed a seven-headed hydra
 17943 | Lair:1   | Killed a seven-headed hydra
 18420 | Lair:1   | Reached skill level 13 in Maces & Flails
 18510 | Lair:1   | Noticed an eight-headed hydra
 18533 | Lair:1   | Killed an eight-headed hydra
 18546 | Lair:1   | Noticed Maggie
 18559 | Lair:1   | Killed Maggie
 19782 | Lair:2   | Noticed Nergalle
 19791 | Lair:2   | Killed Nergalle
 20728 | Lair:2   | Noticed a seven-headed hydra
 20742 | Lair:2   | Killed a seven-headed hydra
 20743 | Lair:2   | Reached skill level 14 in Maces & Flails
 22382 | Lair:2   | Found a staircase to the Swamp.
 22384 | Lair:2   | Noticed a seven-headed hydra
 22558 | Lair:2   | Killed a seven-headed hydra
 22559 | Lair:2   | Reached XP level 13. HP: 110/140 MP: 19/19
 22730 | Lair:2   | Reached skill level 15 in Maces & Flails
 23204 | Lair:3   | Reached skill level 1 in Armour
 23813 | Lair:3   | Found a staircase to the Snake Pit.
 23825 | Lair:3   | Reached skill level 5 in Dodging
 24125 | Lair:3   | Reached skill level 5 in Evocations
 28585 | Orc:1    | Entered Level 1 of the Orcish Mines
 28585 | Orc:1    | Found a roughly hewn altar of Beogh.
 30258 | Orc:1    | Noticed Sonja
 31117 | Orc:1    | Killed Sonja
 31287 | Orc:1    | Identified a +7 giant spiked club of distortion (a +5 giant
                  | spiked club corrupted by Lugonu)
 31287 | Orc:1    | Received a gift from Lugonu
 32046 | Orc:2    | Entered Level 2 of the Orcish Mines
 32536 | Orc:2    | Reached XP level 14. HP: 137/149 MP: 20/20
 33480 | Orc:1    | Reached skill level 16 in Maces & Flails
 34159 | Orc:2    | Found a staircase to the Elven Halls.
 36178 | Orc:2    | Found Funtunul's Weapon Shop.
 36181 | Orc:2    | Found Ethrelot's Weapon Boutique.
 36182 | Orc:2    | Found Kitick's Jewellery Shop.
 36183 | Orc:2    | Found Atuwufen's Gadget Shop.
 37077 | Lair:4   | You fall into a shaft and drop 2 floors!
 37077 | Lair:6   | Entered Level 6 of the Lair of Beasts
 37089 | Lair:6   | Reached skill level 17 in Maces & Flails
 37102 | Lair:6   | HP: 7/149 [elephant (4)]
 37168 | Abyss:1  | HP: 2/149 [large abomination (33)]
 37494 | Lair:6   | Escaped the Abyss
 37779 | Lair:6   | HP: 6/149 [death yak (12)]
 37781 | Lair:6   | Mangled by a death yak

Illustrated notes

Levels and vault maps discovered:
D:1:      psy_arrival_whirlpool, layout_basic, minmay_pentomino_z2
D:2:      kennysheep_the_goblin_king, layout_basic, grunt_ministairs_5,
          solitary_fountain
D:3:      layout_loops_ring, nicolae_overflow_crystal_walls, grunt_ministairs_2
D:4:      layout_cave_pods, lemuel_crystal_altar, kennysheep_little_box,
          tgw_fedhas
D:5:      layout_gridville, tso_oasis_becter, marbit_many_paths, minitemple,
          lightli_ossuary_entry_decrepit_ruins, nicolae_gozag_zags_fifth_avenue,
          uniq_ijyb
D:6:      layout_loops_cross, overflow_temple_1_default,
          lemuel_coloured_pillars_altar, serial_shops, kennysheep_mini_moat,
          nicolae_shop_trees, shop, nicolae_shop_stone, shop,
          kennysheep_generic_room_16
D:7:      kennysheep_kobold_camp, layout_loops_corners, lemuel_crystal_altar,
          minmay_temple_entry_offerings, nrook_mini_vaults, uniq_menkaure
D:8:      layout_cave_pools, kennysheep_mini
D:9:      layout_basic, erik_lair_orcish_takeover, minmay_misc_feat_four_crosses
D:10:     layout_basic, orc_0_dummy, enter_trove_5
D:11:     layout_irregular_city
Lair:1:   layout_cave_pods, gauntlet_entry_generic, serial_bayou_shore_b,
          grunt_megastairs_2, lemuel_fruit_fields, infiniplex_staircase_pool,
          uniq_maggie
Lair:2:   layout_cave_pods, palyth_hydra_swamp_entry,
          chequers_serial_rivers_marsh, nicolae_quartered_pool_medium,
          uniq_nergalle
Lair:3:   nzn_winding_woodlands_cross [nzn_winding_woodlands_5x15_cabin,
          nzn_winding_woodlands_5x15_longhouse,
          nzn_winding_woodlands_5x15_lazy_stream,
          nzn_winding_woodlands_5x15_garden,
          nzn_winding_woodlands_15x15_thick_spiral], layout_cave_pods,
          guppyfry_snake_entry_island, special_room [special_room_bee]
Lair:4:   layout_regular_city, dpeg_oklob_1
Lair:6:   hangedman_lair_in_review, layout_misc_corridors
Orc:1:    layout_caves, basic_altar, uniq_sonja
Orc:2:    st_orc_pillars, layout_caves, elves_outpost_lemuel

Skill      XL: |  1  2  3  4  5  6  7  8  9 10 11 12 13 14 |
---------------+-------------------------------------------+-----
Maces & Flails | 2 3 4 5 6 8 10 12 14 15 17 | 17.4
Fighting       | 5 6 7 8 10 11 12 | 12.0
Invocations    | 3 4 5 8 |  8.0
Evocations     | 2 4 7 |  7.8
Dodging        | 3 4 6 |  6.0
Spellcasting   | 4 |  4.0
Armour         | 2 |  2.0

Action                   |  1- 3 |  4- 6 |  7- 9 | 10-12 | 13-15 || total
-------------------------+-------+-------+-------+-------+-------++-------
Melee: Mace              |    59 |       |       |       |       ||    59
       Whip              |    51 |   156 |   638 |   746 |       ||  1591
       Dire flail        |       |       |       |   230 |   528 ||   758
       Giant spiked club |       |       |       |       |   504 ||   504
Throw: Stone             |    25 |       |       |       |       ||    25
       Dart              |    14 |     8 |     5 |    69 |    40 ||   136
       Boomerang         |       |       |     2 |       |       ||     2
 Cast: Apportation       |       |       |       |     2 |       ||     2
Invok: Depart the Abyss  |     1 |       |       |       |     1 ||     2
       Bend Space        |       |       |     1 |     4 |     5 ||    10
       Banish            |       |       |       |     3 |       ||     3
       Brand Weapon With |       |       |       |       |     1 ||     1
       Enter the Abyss   |       |       |       |       |     1 ||     1
Evoke: Wand              |       |       |     1 |    22 |     4 ||    27
       Condenser vane    |       |       |       |     1 |     2 ||     3
       Phantom mirror    |       |       |       |     1 |       ||     1
  Use: Scroll            |     1 |     1 |    27 |     6 |    11 ||    46
       Potion            |       |       |     1 |     3 |    13 ||    17
 Stab: Sleeping          |       |     1 |       |       |       ||     1
       Distracted        |       |       |     1 |       |     1 ||     2
       Invisible         |       |       |       |     2 |       ||     2
       Paralysed         |       |       |       |     1 |     2 ||     3
Armor: Robe              |    38 |    52 |    89 |    76 |       ||   255
       Fire dragon scale |       |       |       |   132 |   489 ||   621
Dodge: Dodged            |    65 |    61 |   162 |   285 |   477 ||  1050
Block: Other             |       |       |    85 |   151 |   277 ||   513
       Reflection        |       |       |     2 |     4 |     3 ||     9

Table legend: (Time is in decaauts)
 A = Elapsed time spent in this place.
 B = Non-inter-level travel time spent in this place.
 C = Inter-level travel time spent in this place.
 D = Time resting spent in this place.
 E = Time spent auto-exploring this place.
 F = Levels seen in this place.
 G = Mean time per level.
                   A        B        C        D        E       F      G
               +--------+--------+--------+--------+--------+-----+--------+
         Total |  37046 |  35461 |   1585 |  17447 |  12657 |  22 | 1683.9 |
       Dungeon |  16386 |  15312 |   1074 |   5767 |   7238 |  11 | 1489.6 |
          Lair |  12242 |  11927 |    315 |   7274 |   3377 |   5 | 2448.4 |
  Orcish Mines |   5603 |   5409 |    194 |   2919 |   1479 |   2 | 2801.5 |
         Abyss |    432 |    432 |      0 |    357 |     40 |   2 |  216.0 |
       Ossuary |   1446 |   1446 |      0 |   1027 |    150 |   1 | 1446.0 |
      Gauntlet |    935 |    935 |      0 |    102 |    373 |   1 |  935.0 |
               +--------+--------+--------+--------+--------+-----+--------+

Top non-repeatable levels by time:
  Lair:3: 5260 daAuts
  Lair:2: 3381 daAuts
    D:10: 3279 daAuts
   Orc:1: 2997 daAuts
  Lair:1: 2888 daAuts
   Orc:2: 2605 daAuts
     D:4: 1874 daAuts
     D:7: 1816 daAuts
     D:8: 1586 daAuts
     D:3: 1487 daAuts
 Ossuary: 1446 daAuts
     D:1: 1193 daAuts
     D:2: 1180 daAuts
    D:11: 1129 daAuts
     D:9: 1110 daAuts
